 Dungeon Crawl Stone Soup version 0.29.0-4-gdea44cf6ec (webtiles) character file.

Game seed: 12974851125784516457

16 qw the Chopper (level 2, 0/17 HPs)
             Began as a Tengu Warper on Aug 28, 2022.
             Slain by a worm (8 damage)
             ... on level 2 of the Dungeon.
             The game lasted 00:00:01 (311 turns).

qw the Chopper (Tengu Warper)                        Turns: 311, Time: 00:00:01

Health: 0/17       AC:  3    Str: 11    XL:     2   Next: 58%
Magic:  6/6        EV: 11    Int: 13    God:
Gold:   20         SH:  0    Dex: 13    Spells: 5/5 levels left

rFire   . . .      SeeInvis .   a - +0 hand axe
rCold   . . .      Faith    .   (no shield)
rNeg    . . .      Spirit   .   b - +0 leather armour
rPois   .          Reflect  .   (helmet restricted)
rElec   .          Harm     .   (no cloak)
rCorr   .          Rampage  .   (no gloves)
Will    .....                   (boots unavailable)
Stlth   +.........              (no amulet)
HPRegen 0.05/turn               (no ring)
MPRegen 0.10/turn               (no ring)

@: no status effects
A: beak, talons 3
a: no special abilities


You were on level 2 of the Dungeon.
You visited 1 branch of the dungeon, and saw 2 of its levels.

You collected 20 gold pieces.


Innate Abilities, Weirdness & Mutations

You have a beak for a mouth.
You have claws for feet.


   Skills:
 - Level 2.0 Fighting
 + Level 3.4 Axes
 - Level 1.0 Throwing
 - Level 1.1 Armour
 - Level 2.1 Dodging
 - Level 2.0 Spellcasting
 - Level 2.4 Translocations


You had 5 spell levels left.
You didn't know any spells.
Your spell library contained the following spells:

 Spells                   Type           Power      Damage    Failure   Level
 Blink                    Tloc           14%        N/A       19%         2
 Gell's Gravitas          Tloc           7%         N/A       36%         3
 Lesser Beckoning         Tloc           7%         N/A       36%         3
 Teleport Other           Tloc           7%         N/A       36%         3
 Manifold Assault         Tloc           7%         N/A       98%         5

Inventory:

Hand Weapons
 a - a +0 hand axe (weapon)
Armour
 b - a +0 leather armour (worn)
Scrolls
 c - a scroll of blinking
 e - a scroll of identify {unknown}

Dungeon Overview and Level Annotations

Branches:
Dungeon (1/15)

Altars:


Message History

You claw the ball python.
You kill the ball python!
You start resting.
A worm is nearby!
223 ||| Stepping ~*~*~tactically~*~*~ (stealth).
You start resting.
A worm is nearby!
Throw: 3 boomerangs (disperse)
Press: ? - help, Q - select action Shift-Dir - straight line, f - worm You throw a boomerang of dispersal.
The boomerang of dispersal hits the worm.
The worm blinks!
You start resting.
A worm is nearby!
Throw: 2 boomerangs (disperse)
Press: ? - help, Q - select action Shift-Dir - straight line, f/p - worm You throw a boomerang of dispersal.
The boomerang of dispersal hits the worm.
The worm blinks!
You start resting.
A worm is nearby!
Throw: boomerang (disperse)
Press: ? - help, Q - select action Shift-Dir - straight line, f/p - worm You throw a boomerang of dispersal.
The boomerang of dispersal hits the worm.
The worm blinks!
The worm is lightly wounded.
You hit the worm. You peck the worm.
The worm is heavily wounded.
The worm closely misses you.
You barely miss the worm. You claw the worm. You peck the worm.
The worm is severely wounded.
You hit the worm. Your kick misses the worm. Your peck misses the worm.
The worm is severely wounded.
The worm bites you!
Ouch! That really hurt!
You hit the worm but do no damage. Your kick misses the worm.
The worm is severely wounded.
The worm bites you!
You die...

#### ..> # #...
.# #..##w#.##S
#..$..S..(.
#^.%# #...#
#.w@# #...#
#...# #..##.#.#
#.......#
#######.###.###
#...........#
#.##....#####
#.####


You could see a worm.

Vanquished Creatures
  An adder (D:2)
  A dart slug (D:1)
  An endoplasm (D:1)
  A hobgoblin (D:1)
  A ball python (D:2)
  A frilled lizard (D:1)
6 creatures vanquished.

Notes
Turn   | Place    | Note
-------+----------+-------------------------------------------
     0 | D:1      | qw the Tengu Warper began the quest for the Orb.
     0 | D:1      | Reached XP level 1. HP: 12/12 MP: 4/4
     0 | D:1      | 0 ||| qw: Version: 0.1-a-89-g26bdef1
     0 | D:1      | 0 ||| qw: Game counter: 57
     0 | D:1      | 0 ||| qw: Always use a shield: true
     0 | D:1      | 0 ||| qw: God list: Okawaru
     0 | D:1      | 0 ||| qw: Allow faded altars: false
     0 | D:1      | 0 ||| qw: Do Orc after D:15 true
     0 | D:1      | 0 ||| qw: Do second Lair branch before Depths: true
     0 | D:1      | 0 ||| qw: Lair rune preference: random
     0 | D:1      | 0 ||| qw: Plans: Normal
     0 | D:1      | 0 ||| PLANNING D:1-11
    46 | D:1      | You fall into a shaft and drop 1 floor!
   159 | D:2      | 159 ||| Stepping ~*~*~tactically~*~*~ (stealth).
   161 | D:2      | 161 ||| Stepping ~*~*~tactically~*~*~ (stealth).
   166 | D:2      | Reached skill level 3 in Axes
   166 | D:2      | Reached XP level 2. HP: 10/17 MP: 6/6
   223 | D:2      | 223 ||| Stepping ~*~*~tactically~*~*~ (stealth).
   311 | D:2      | Slain by a worm

Levels and vault maps discovered:
D:1:      spicycebolla_arrival_clurvy, layout_loops_ring,
          shapermc_ecumenical_altar_petra
D:2:      layout_basic, minmay_tetromino_o2

Skill      XL: |  1 |
---------------+----+-----
Axes           | 3 |  3.4
Fighting       | |  2.0
Throwing       | |  1.0
Armour         | |  1.1
Dodging        | |  2.1
Spellcasting   | |  2.0
Translocations | |  2.4

Action                   || total
-------------------------++-------
Melee: Hand axe          ||    13
       Kick              ||     8
       Peck              ||     3
Throw: Boomerang         ||     7
Armor: Leather armour    ||     1
Dodge: Dodged            ||     3

Table legend:
 A = Non-vault XP
 B = Vault XP
 C = Vault XP percentage of total XP
 D = Non-vault monster count
 E = Vault monster count
 F = Vault count percentage of total count
                 A         B        C        D         E       F
            +---------+---------+-------+---------+---------+-------
      Total |       9 |      15 |  62.5 |       4 |       2 |  33.3
            +---------+---------+-------+---------+---------+-------
        D:1 |       9 |       0 |   0.0 |       4 |       0 |   0.0
        D:2 |       0 |      15 | 100.0 |       0 |       2 | 100.0
            +---------+---------+-------+---------+---------+-------
